 Dungeon Crawl Stone Soup version 0.24.0-123-gd5b16e6ec5 (webtiles) character file.

Game seed: 18227443097653692952, levelgen mode: deterministic

4078 FishyPogo the Magician (level 10, -1/77 HPs)
             Began as a Gnoll Skald on Dec 26, 2019.
             Was an Elder of Makhleb.
             Slain by a wolf (5 damage)
             ... led by Grum
             ... on level 8 of the Dungeon.
             The game lasted 00:26:27 (7063 turns).

FishyPogo the Magician (Gnoll Skald)                Turns: 7063, Time: 00:26:28

Health: -1/77      AC:  9    Str: 17    XL:     10   Next: 25%
Magic:  8/20       EV: 16    Int: 15    God:    Makhleb [****..]
Gold:   428        SH:  0    Dex: 15    Spells: 12/23 levels left

rFire    . . .     SeeInvis .   a - +2 short sword (speed)
rCold    . . .     Gourm    .   (no shield)
rNeg     . . .     Faith    .   k - +0 leather armour
rPois    .         Spirit   .   w - +0 helmet
rElec    .         Reflect  .   (no cloak)
rCorr    .         Harm     .   G - +1 pair of gloves
MR       +....                  (no boots)
Stlth    +++.......             e - amulet of the acrobat
HPRegen  1.22/turn              f - ring of protection from magic
MPRegen  0.17/turn              y - +2 ring of protection

@: singing, very slightly contaminated, regenerating
A: distributed training, fangs 1, strong nose
a: Minor Destruction, Lesser Servant of Makhleb, Major Destruction, Renounce
Religion


You were on level 8 of the Dungeon.
You worshipped Makhleb.
Makhleb was greatly pleased with you.
You were not hungry.

You visited 1 branch of the dungeon, and saw 9 of its levels.

You collected 428 gold pieces.

Inventory:

Hand Weapons
 a - a +2 short sword of speed (weapon)
 b - a +2 dagger of protection
 H - a cursed +5 dagger of freezing
Missiles
 c - 177 stones
 g - 44 poisoned darts (quivered)
 u - 7 boomerangs
 C - 7 silver boomerangs
Armour
 k - a +0 leather armour (worn)
 w - a +0 helmet (worn)
 G - a +1 pair of gloves (worn)
Magical Staves
 J - an uncursed staff of conjuration
Jewellery
 e - an amulet of the acrobat (around neck)
 f - a ring of protection from magic (left hand)
 y - a +2 ring of protection (right hand)
Wands
 I - a wand of random effects (14)
Scrolls
 h - 7 scrolls of enchant weapon {unknown}
 j - 3 scrolls of fog {unknown}
 l - 3 scrolls of fear {unknown}
 m - 2 scrolls of teleportation {unknown}
 p - 6 scrolls of identify {unknown}
 q - a scroll of amnesia {unknown}
 t - a scroll of noise {unknown}
 v - a scroll of immolation {unknown}
 x - 4 scrolls of remove curse {unknown}
 D - a scroll of blinking {unknown}
Potions
 i - a potion of brilliance {unknown}
 n - 5 potions of heal wounds {unknown}
 o - a potion of agility
 r - a potion of lignification {unknown}
 s - 2 potions of degeneration {unknown}
 z - 2 potions of resistance {unknown}
 A - a potion of magic {unknown}
 B - 3 potions of might {unknown}
 E - a potion of berserk rage {unknown}
 K - a potion of haste {unknown}
Comestibles
 d - 14 rations
 F - 5 chunks of flesh


   Skills:
 + Level 6.8 Fighting
 + Level 6.8 Short Blades
 + Level 5.0 Long Blades
 + Level 5.0 Axes
 + Level 5.0 Maces & Flails
 + Level 5.0 Polearms
 + Level 5.0 Staves
 + Level 5.0 Slings
 + Level 5.0 Bows
 + Level 5.0 Crossbows
 + Level 5.0 Throwing
 + Level 5.7 Armour
 + Level 6.8 Dodging
 + Level 5.0 Stealth
 + Level 5.0 Shields
 + Level 5.0 Unarmed Combat
 + Level 7.1 Spellcasting
 + Level 4.1 Conjurations
 + Level 4.1 Hexes
 + Level 6.9 Charms
 + Level 4.1 Summonings
 + Level 4.1 Necromancy
 + Level 4.1 Translocations
 + Level 4.1 Transmutations
 + Level 4.1 Fire Magic
 + Level 4.1 Ice Magic
 + Level 4.1 Air Magic
 + Level 4.1 Earth Magic
 + Level 4.1 Poison Magic
 + Level 5.5 Invocations
 + Level 5.0 Evocations


You had 12 spell levels left.
You knew the following spells:

 Your Spells              Type           Power        Failure   Level  Hunger
h - Regeneration          Chrm/Necr      ###.......   4%          3    ##.....
n - Spectral Weapon       Hex/Chrm       ###.....     4%          3    ##.....
p - Shroud of Golubria    Chrm/Tloc      ###...       2%          2    None
u - Song of Slaying       Chrm           ####....     1%          2    None
y - Infusion              Chrm           ####         1%          1    None

Your spell library contained the following spells:

 Spells                   Type           Power        Failure   Level  Hunger


Dungeon Overview and Level Annotations

Branches:
Dungeon (9/15)             Temple (0/1) D:4
   Lair: D:8-11         Orc: D:9-12

Altars:
Cheibriados
Dithmenos
Kikubaaqudgha
Makhleb
Nemelex Xobeh
Qazlal
Ru
Sif Muna
Trog
Xom
Yredelemnul
Zin

Annotations:
D:4 3 runed translucent doors, Kobolds4U's ghost, amateur DECj; NikiYani's ghost, novice OpFE; Sondor's ghost, novice FoBe
D:9 Grum


Innate Abilities, Weirdness & Mutations

Your experience applies equally to all skills.
You have very sharp teeth.
Your uncanny sense of smell can sniff out nearby items.


Message History

You are very lightly contaminated with residual magic.
Strange energies run through your body.
The wolf bites your spectral weapon but does no damage.
The wolf barely misses your spectral weapon.
Something bites your spectral weapon.
Your spectral weapon fades away.
Your skin stops crawling.
The wolf bites you but does no damage.
There is a stone staircase leading up here.
The wolf closely misses you. x2
You climb upwards.
There is a stone staircase leading down here.
Casting: Shroud of Golubria (safe; 2% risk of failure)
Confirm with . or Enter, or press ? or * to list all spells.
You miscast Regeneration.
Nothing appears to happen.
The wolf bites you!
* * * LOW HITPOINT WARNING * * *
Casting: Regeneration (safe; 4% risk of failure)
Confirm with . or Enter, or press ? or * to list all spells.
Your skin crawls.
The wolf bites you.
You die...

################
#.......#......#
#.#####.#.####.##### #.#
#.#.# #.#...# #.# #.#.#
#.##..# #.# #.#.#
#.##..#
#.#####h#.####.##..####
##.....@................
#...)....#.####.##...###
#.########.# #......##
#.....# #.# #####...#
#####.# #.# #.#.# ######
#####.# #.# #.#.# #....#
#.....# #.########.#.##
##.#.#
#.....####.......#..#..#
#.#.#
#..........#####.#.###.#


You could see a wolf.

Vanquished Creatures
  A hornet (D:7)
  Duvessa (D:4)
  2 ice beasts
  A phantom (D:6)
  2 black bears
  2 ogres
  3 necrophages
  3 wolves (D:9)
  3 centaurs
  2 bullfrogs (D:6)
  5 scorpions
  Dowan (D:4)
  4 killer bees (D:8)
  10 wights (D:7)
  5 howler monkeys
  3 crimson imps
  2 bullfrog zombies (D:6)
  A jelly (D:6)
  3 orc priests
  A gnoll shaman (D:8)
  2 hounds
  A centaur skeleton (D:4)
  7 orc wizards
  6 worker ants
  A mummy (D:7)
  19 gnolls
  10 adders
  3 shadow imps
  An ooze (D:2)
  2 adder skeletons
  3 worms
  5 dart slugs
  4 leopard geckos
  27 orcs
  3 ball pythons
  5 bats
  6 giant cockroaches
  14 goblins
  7 hobgoblins
  12 jackals
  9 kobolds
  5 quokkas
  6 frilled lizards
  2 gnoll zombies (D:2)
  A jackal zombie (D:5)
  A quokka skeleton (D:6)
  12 rats
229 creatures vanquished.

Vanquished Creatures (others)
  A spectral weapon (D:9)
  A withered plant (D:4)
2 creatures vanquished.

Grand Total: 231 creatures vanquished

Notes
Turn   | Place    | Note
-------+----------+-------------------------------------------
     0 | D:1      | FishyPogo the Gnoll Skald began the quest for the Orb.
     0 | D:1      | Reached XP level 1. HP: 20/20 MP: 6/6
    75 | D:1      | Reached XP level 2. HP: 22/26 MP: 4/7
    79 | D:1      | Learned a level 2 spell: Song of Slaying
    82 | D:1      | Learned a level 2 spell: Shroud of Golubria
   405 | D:1      | Reached XP level 3. HP: 30/31 MP: 9/9
   425 | D:1      | Reached skill level 5 in Spellcasting
   626 | D:2      | Learned a level 3 spell: Regeneration
   630 | D:2      | Learned a level 3 spell: Spectral Weapon
   642 | D:2      | Found a sparkling altar of Nemelex Xobeh.
   642 | D:2      | Found a shimmering blue altar of Sif Muna.
   708 | D:2      | Found a burning altar of Makhleb.
   742 | D:2      | Found a stormy altar of Qazlal.
   742 | D:2      | Found a sacrificial altar of Ru.
   795 | D:2      | Reached skill level 1 in Invocations
   820 | D:3      | Reached skill level 1 in Long Blades
   820 | D:3      | Reached skill level 1 in Axes
   820 | D:3      | Reached skill level 1 in Maces & Flails
   820 | D:3      | Reached skill level 1 in Polearms
   820 | D:3      | Reached skill level 1 in Staves
   820 | D:3      | Reached skill level 1 in Slings
   820 | D:3      | Reached skill level 1 in Bows
   820 | D:3      | Reached skill level 1 in Crossbows
   820 | D:3      | Reached skill level 1 in Throwing
   820 | D:3      | Reached skill level 1 in Stealth
   820 | D:3      | Reached skill level 1 in Shields
   820 | D:3      | Reached skill level 1 in Unarmed Combat
   820 | D:3      | Reached skill level 1 in Evocations
   869 | D:3      | Reached XP level 4. HP: 38/38 MP: 11/11
   983 | D:2      | Became a worshipper of Makhleb the Destroyer
  1252 | D:3      | Reached skill level 1 in Conjurations
  1252 | D:3      | Reached skill level 1 in Hexes
  1252 | D:3      | Reached skill level 1 in Summonings
  1252 | D:3      | Reached skill level 1 in Necromancy
  1252 | D:3      | Reached skill level 1 in Translocations
  1252 | D:3      | Reached skill level 1 in Transmutations
  1252 | D:3      | Reached skill level 1 in Fire Magic
  1252 | D:3      | Reached skill level 1 in Ice Magic
  1252 | D:3      | Reached skill level 1 in Air Magic
  1252 | D:3      | Reached skill level 1 in Earth Magic
  1252 | D:3      | Reached skill level 1 in Poison Magic
  1456 | D:2      | Found a basalt altar of Yredelemnul.
  1693 | D:2      | Reached XP level 5. HP: 8/43 MP: 1/12
  1836 | D:2      | Reached * piety under Makhleb
  2032 | D:2      | Reached XP level 6. HP: 50/50 MP: 7/13
  2624 | D:3      | Reached skill level 5 in Fighting
  2624 | D:3      | Reached skill level 5 in Short Blades
  2624 | D:3      | Reached skill level 5 in Dodging
  2695 | D:4      | Found a staircase to the Ecumenical Temple.
  2859 | D:4      | Noticed Dowan
  2877 | D:4      | Found a runed translucent gate.
  2877 | D:4      | Found a runed translucent gate.
  2877 | D:4      | Found a runed translucent gate.
  2881 | D:4      | Noticed NikiYani's ghost (novice OpFE)
  2881 | D:4      | Noticed Kobolds4U's ghost (amateur DECj)
  2882 | D:4      | Noticed Sondor's ghost (novice FoBe)
  2979 | D:4      | Reached ** piety under Makhleb
  2985 | D:4      | Reached XP level 7. HP: 44/56 MP: 12/15
  3609 | D:4      | Noticed Duvessa
  3615 | D:4      | Killed Dowan
  3655 | D:4      | Killed Duvessa
  3750 | D:5      | Entered Level 5 of the Dungeon
  3756 | D:5      | Found the +0 staff of Battle
  3789 | D:5      | Reached XP level 8. HP: 50/63 MP: 12/16
  4059 | D:5      | Found a shadowy altar of Dithmenos.
  4083 | D:5      | Found a shimmering altar of Xom.
  4476 | D:5      | Reached skill level 6 in Spellcasting
  4477 | D:5      | Found a shadowy altar of Dithmenos.
  4639 | D:6      | Reached *** piety under Makhleb
  4723 | D:6      | Reached XP level 9. HP: 69/69 MP: 9/18
  5066 | D:6      | Found a bloodstained altar of Trog.
  5244 | D:7      | Found a snail-covered altar of Cheibriados.
  5445 | D:7      | Reached skill level 5 in Armour
  5772 | D:7      | Reached **** piety under Makhleb
  5772 | D:7      | Reached skill level 5 in Invocations
  5868 | D:7      | Noticed a hornet
  5889 | D:7      | Killed a hornet
  6120 | D:8      | Reached XP level 10. HP: 71/77 MP: 17/20
  6210 | D:8      | Reached skill level 7 in Spellcasting
  6288 | D:8      | Found an ancient bone altar of Kikubaaqudgha.
  6964 | D:9      | Found a shimmering altar of Xom.
  6966 | D:9      | Noticed an angel
  6971 | D:9      | Found a glowing silver altar of Zin.
  7015 | D:9      | Noticed Grum
  7032 | D:9      | Reached skill level 5 in Long Blades
  7032 | D:9      | Reached skill level 5 in Axes
  7032 | D:9      | Reached skill level 5 in Maces & Flails
  7032 | D:9      | Reached skill level 5 in Polearms
  7032 | D:9      | Reached skill level 5 in Staves
  7032 | D:9      | Reached skill level 5 in Slings
  7032 | D:9      | Reached skill level 5 in Bows
  7032 | D:9      | Reached skill level 5 in Crossbows
  7032 | D:9      | Reached skill level 5 in Throwing
  7032 | D:9      | Reached skill level 5 in Stealth
  7032 | D:9      | Reached skill level 5 in Shields
  7032 | D:9      | Reached skill level 5 in Unarmed Combat
  7032 | D:9      | Reached skill level 5 in Evocations
  7062 | D:8      | HP: 3/77 [wolf[Grum] (9)]
  7063 | D:8      | Slain by a wolf

Levels and vault maps discovered:
D:1:      eino_arrival_water_cross, layout_loops_ring
D:2:      kennysheep_the_goblin_king, layout_loops_corners,
          gammafunk_temple_overflow_elements, nicolae_overflow_hidden_temple,
          lemuel_zombie_altar_yredelemnul, gammafunk_temple_overflow_wave,
          first_ration, serial_glass, glass_columns_c, glass_columns_b,
          glass_columns_a, glass_columns_a, minivault_24
D:3:      minmay_diamond_boxcup, layout_basic
D:4:      layout_loops_corners, minmay_temple_entry_overgrown,
          gammafunk_ghost_cemetery, uniq_duvessa
D:5:      layout_loops_ring, lemuel_coloured_pillars_altar, basic_altar,
          nicolae_dithmenos_the_darkroom
D:6:      layout_cave_pools, overflow_temple_1_default
D:7:      layout_loops_ring, slow_altar_1
D:8:      layout_basic, lemuel_doored_altar
D:9:      layout_roguey, grunt_temple_overflow_order_and_chaos_1,
          overflow_temple_1_default, uniq_joseph, uniq_grum

Skill      XL: |  1  2  3  4  5  6  7  8  9 10 |
---------------+-------------------------------+-----
Spellcasting   | 5 6 7 |  7.1
Invocations    | 1 2 3 4 5 |  5.5
Long Blades    | 1 2 3 4 5 |  5.0
Axes           | 1 2 3 4 5 |  5.0
Maces & Flails | 1 2 3 4 5 |  5.0
Polearms       | 1 2 3 4 5 |  5.0
Staves         | 1 2 3 4 5 |  5.0
Slings         | 1 2 3 4 5 |  5.0
Bows           | 1 2 3 4 5 |  5.0
Crossbows      | 1 2 3 4 5 |  5.0
Throwing       | 1 2 3 4 5 |  5.0
Stealth        | 1 2 3 4 5 |  5.0
Shields        | 1 2 3 4 5 |  5.0
Unarmed Combat | 1 2 3 4 5 |  5.0
Evocations     | 1 2 3 4 5 |  5.0
Conjurations   | 1 2 3 4 |  4.1
Hexes          | 1 2 3 4 |  4.1
Summonings     | 1 2 3 4 |  4.1
Necromancy     | 1 2 3 4 |  4.1
Translocations | 1 2 3 4 |  4.1
Transmutations | 1 2 3 4 |  4.1
Fire Magic     | 1 2 3 4 |  4.1
Ice Magic      | 1 2 3 4 |  4.1
Air Magic      | 1 2 3 4 |  4.1
Earth Magic    | 1 2 3 4 |  4.1
Poison Magic   | 1 2 3 4 |  4.1
Armour         | 3 4 5 |  5.7
Fighting       | 5 6 |  6.8
Short Blades   | 5 6 |  6.8
Dodging        | 5 6 |  6.8
Charms         | 6 |  6.9

Action                   |  1- 3 |  4- 6 |  7- 9 | 10-12 || total
-------------------------+-------+-------+-------+-------++-------
Melee: Short sword       |   105 |   253 |   464 |   117 ||   939
       Bite              |     9 |    20 |    63 |    18 ||   110
       Punch             |       |     3 |     8 |     2 ||    13
       Dagger            |       |       |    35 |       ||    35
Throw: Dart              |       |       |     2 |     3 ||     5
 Cast: Infusion          |     1 |     2 |     5 |       ||     8
       Song of Slaying   |     2 |     1 |     5 |     3 ||    11
       Shroud of Golubri |     1 |     9 |    35 |     7 ||    52
       Regeneration      |     1 |     6 |    12 |     5 ||    24
       Spectral Weapon   |       |     1 |    16 |     8 ||    25
  Use: Potion            |       |     3 |       |       ||     3
 Stab: Sleeping          |     3 |     4 |     4 |     2 ||    13
       Invisible         |       |     1 |       |       ||     1
       Distracted        |       |       |     2 |     1 ||     3
  Eat: Chunk             |       |     7 |    13 |     4 ||    24
Armor: Leather armour    |    11 |    28 |    73 |    19 ||   131
Dodge: Dodged            |    57 |   125 |   246 |    64 ||   492
